AoeStats
← qetuadgjzcbm123

Hideout

509515393Analyzed
1v1 RM · 4d ago on Sep 27, 2026· 61m 50s· 2 players
Game mode
Random Map
Map size
Tiny (2 player)
Population
200
Speed
Normal
Resources
Standard
Victory
Conquest
Starting age
Dark Age
Ending age
Imperial Age
RankedLock teamsTeams togetherTeam positionsShared explorationLock speedFull tech treeHidden civsTurbo modeCheats
Victory
Defeat
🇹🇼 Georgians · Taiwan
1026
+17
🇺🇾 Aztecs · Uruguay
1047
-17
qetuadgjzcbm123
7:22 Loom
10:52 Feudal Age
11:23 Double-Bit Axe
12:37 Horse Collar
18:26 Castle Age
19:04 Bloodlines
21:28 Sanctity
22:09 Bow Saw
24:59 Wheelbarrow
24:30 Heavy Plow
26:26 Forging
27:11 Gold Mining
28:32 Town Watch
30:43 Hand Cart
30:38 Scale Barding Armor
33:46 Imperial Age
31:52 Iron Casting
32:31 Husbandry
31:52 Light Cavalry
33:15 Chain Barding Armor
32:45 Fletching
33:12 Murder Holes
33:08 Guard Tower
33:19 Stone Mining
33:52 Padded Archer Armor
34:02 Scale Mail Armor
35:00 Crop Rotation
35:10 Plate Barding Armor
35:36 Blast Furnace
36:31 Ballistics
36:22 Masonry
36:13 Bodkin Arrow
36:35 Leather Archer Armor
36:30 Town Patrol
36:34 Devotion
37:31 Conscription
37:52 Hoardings
37:56 Aznauri Cavalry
38:15 Hussar
40:24 Svan Towers
40:37 Guilds
42:09 Keep
41:20 Arrowslits
42:35 Chemistry
43:50 Bracer
44:06 Chain Mail Armor
44:47 Architecture
44:22 Siege Engineers
54:38 Plate Mail Armor
54:39 Capped Ram
57:06 Siege Ram
57:28 Treadmill Crane
ElOsoConBarba
10:16 Feudal Age
10:18 Man-at-Arms
15:16 Arson
15:34 Fletching
17:31 Forging
21:25 Castle Age
20:39 Scale Mail Armor
20:30 Double-Bit Axe
20:27 Horse Collar
20:45 Loom
22:59 Bow Saw
23:28 Heavy Plow
27:16 Gold Mining
28:05 Squires
27:51 Gambesons
29:20 Wheelbarrow
34:44 Imperial Age
34:28 Iron Casting
34:09 Chain Mail Armor
33:56 Eagle Warrior
33:58 Pikeman
35:24 Redemption
36:19 Gold Shaft Mining
36:02 Hand Cart
36:07 Elite Eagle Warrior
39:38 Chemistry
41:01 Chain Mail Armor
42:52 Bodkin Arrow
54:34 Capped Ram
61:33 Blast Furnace
Connection lost

Rejoining the realm…

Still unreachable

The connection could not be restored.

Session expired

The server has moved on; the page needs a fresh start.